 Dungeon Crawl Stone Soup version 0.24.0-7-gb3623d2c88 (webtiles) character file.

Game seed: 11559205488495187192, levelgen mode: deterministic

76 Nivan the Conjurer (level 4, -1/34 HPs)
             Began as a Draconian Conjurer on Nov 2, 2019.
             Succumbed to a worker ant's poison
             ... on level 5 of the Dungeon.
             The game lasted 00:04:26 (1673 turns).

Nivan the Conjurer (Draconian Conjurer)             Turns: 1673, Time: 00:04:26

Health: -1/34      AC:  5    Str: 16    XL:     4   Next: 12%
Magic:  0/7        EV: 12    Int: 16    God:
Gold:   122        SH:  0    Dex: 11    Spells: 6/7 levels left

rFire    . . .     SeeInvis .   a - +0 club
rCold    . . .     Gourm    .   (no shield)
rNeg     . . .     Faith    .   (armour unavailable)
rPois    .         Spirit   .   (helmet restricted)
rElec    .         Reflect  .   (no cloak)
rCorr    .         Harm     .   (no gloves)
MR       .....                  (no boots)
Stlth    ++........             (no amulet)
HPRegen  0.11/turn              (no ring)
MPRegen  0.10/turn              (no ring)

@: mighty, lethally poisoned (-1 -> -13)
A: unfitting armour, cold-blooded, AC +5
a: no special abilities


You were on level 5 of the Dungeon.
You were hungry.

You visited 1 branch of the dungeon, and saw 4 of its levels.

You collected 122 gold pieces.

Inventory:

Hand Weapons
 a - a +0 club (weapon)
 m - a +6 dagger
Scrolls
 c - a scroll of magic mapping {unknown}
 f - 2 scrolls of teleportation {unknown}
 h - a scroll of identify {unknown}
 i - a scroll of remove curse {unknown}
 j - 2 scrolls of fog {unknown}
 l - a scroll of noise {unknown}
Potions
 d - a potion of resistance {unknown}
 e - a potion of mutation {unknown}
 g - a potion of might
 k - a potion of agility {unknown}
Comestibles
 b - a ration


   Skills:
 + Level 0.4 Fighting
 + Level 1.8 Dodging
 + Level 1.9 Stealth
 + Level 2.4 Spellcasting
 + Level 5.3 Conjurations


You had 6 spell levels left.
You knew the following spells:

 Your Spells              Type           Power        Failure   Level  Hunger
a - Magic Dart            Conj           ###.         2%          1    #......

Your spell library contained the following spells:

 Spells                   Type           Power        Failure   Level  Hunger
 Searing Ray              Conj           ###...       3%          2    ###....
 Dazzling Spray           Conj/Hex       ##....       21%         3    ###....
 Iskenderun's Mystic Bla  Conj           ###.....     22%         4    #####..
 Force Lance              Conj/Tloc      ##......     54%         4    #####..
 Fulminant Prism          Conj/Hex       ##........   54%         4    #####..


Dungeon Overview and Level Annotations

Branches:
Dungeon (3/15)

Altars:


Innate Abilities, Weirdness & Mutations

Your plain brown scales are hard. (AC +5)
You cannot fit into any form of body armour.
You are cold-blooded and may be slowed by cold attacks.


Message History

The worker ant is almost dead.
You feel sick. The worker ant bites you.
* * * LOW HITPOINT WARNING * * *
You are lethally poisoned!
The worker ant poisons you!
You barely miss the worker ant.
The worker ant is almost dead.
* * * LOW HITPOINT WARNING * * *
You feel sick. The worker ant barely misses you.
The worker ant bites you but does no damage.
Unknown command.
You barely miss the worker ant.
The worker ant is almost dead.
* * * LOW HITPOINT WARNING * * *
You feel sick. The worker ant closely misses you. The worker ant bites you.
* * * LOW HITPOINT WARNING * * *
Unknown command.
It was a potion of might.
You feel very mighty all of a sudden.
You die...

.......####
#........#
##.......# ###
###........####.##
.......#..##.....#
.........###.....##
...........#.....(#
#.##...#....###.###
.....##..@......#
##.......a.....##
#..#.........##
............###
.....>##..### ....#
.... #... #.... ..
##...


You could see a worker ant.

Vanquished Creatures
  2 adders (D:2)
  4 dart slugs
  A leopard gecko (D:2)
  4 giant cockroaches (D:1)
  7 goblins
  2 hobgoblins
  4 jackals (D:2)
  9 kobolds
  3 quokkas (D:2)
  A ball python (D:2)
  3 bats
  2 frilled lizards
  6 rats
48 creatures vanquished.

Notes
Turn   | Place    | Note
-------+----------+-------------------------------------------
     0 | D:1      | Nivan the Draconian Conjurer began the quest for the Orb.
     0 | D:1      | Reached XP level 1. HP: 14/14 MP: 3/3
   173 | D:1      | Reached XP level 2. HP: 17/20 MP: 1/5
   708 | D:1      | Reached XP level 3. HP: 21/26 MP: 4/6
  1022 | D:2      | Reached skill level 5 in Conjurations
  1500 | D:2      | Reached XP level 4. HP: 31/34 MP: 1/7
  1641 | D:3      | You fall into a shaft and drop 2 floors!
  1641 | D:5      | Entered Level 5 of the Dungeon
  1672 | D:5      | HP: 1/34 [worker ant (5)]
  1673 | D:5      | Succumbed to a worker ant's poison

Levels and vault maps discovered:
D:1:      minmay_arrival_jagged, layout_rooms, skrybe_limestone_x,
          kennysheep_another_room
D:2:      layout_basic
D:3:      layout_basic, nicolae_overflow_crystal_walls, minmay_misc_feat_tiny,
          uniq_grinder, uniq_natasha
D:5:      layout_cave_pools, kennysheep_mini_moat, kennysheep_little_box,
          overflow_temple_1_default, grunt_temple_overflow_open,
          nicolae_ru_sacrificial_ziggurat, minmay_shop_damaged

Skill      XL: |  1  2  3 |
---------------+----------+-----
Conjurations   | 5 |  5.3
Fighting       | |  0.4
Dodging        | |  1.8
Stealth        | |  1.9
Spellcasting   | |  2.4

Action                   |  1- 3 |  4- 6 || total
-------------------------+-------+-------++-------
Melee: Club              |    85 |     8 ||    93
       Tailslap          |     7 |     1 ||     8
 Cast: Magic Dart        |    80 |    14 ||    94
  Use: Potion            |       |     1 ||     1
  Eat: Chunk             |     3 |       ||     3
Armor: Skin              |    40 |     4 ||    44
Dodge: Dodged            |    79 |     8 ||    87
